 Dungeon Crawl Stone Soup version 0.30.0-5-g1a98f26d00 (webtiles) character file.

Game seed: 1846057458549588258

2 javelincjr the Firebug (level 1, -1/13 HPs)
             Began as a Demonspawn Fire Elementalist on May 12, 2023.
             Slain by a kobold
             ... wielding a +0 short sword
              (4 damage)
             ... on level 1 of the Dungeon.
             The game lasted 00:02:05 (57 turns).

javelincjr the Firebug (Demonspawn Fire Elementalist) Turns: 57, Time: 00:02:05

Health: -1/13      AC:  2    Str:  8    XL:     1   Next: 33%
Magic:  3/3        EV: 12    Int: 16    God:
Gold:   18         SH:  0    Dex: 13    Spells: 3/4 levels left

rFire   . . .        c - +1 mace (heavy)
rCold   . . .        (no shield)
rNeg    . . .        a - +0 robe
rPois   .            (no helmet)
rElec   .            (no cloak)
rCorr   .            (no gloves)
SInv    .            (no boots)
Will    .....        (no amulet)
Stlth   ++           (no ring)
HPRegen 0.22/turn    (no ring)
MPRegen 0.08/turn

%: no passive effects
@: no status effects
A: no striking features
a: no special abilities


You were on level 1 of the Dungeon.
You visited 1 branch of the dungeon, and saw 1 of its levels.

You collected 18 gold pieces.

Inventory:

Hand Weapons
 c - a +1 heavy mace (weapon)
Armour
 a - a +0 robe (worn)
Potions
 b - a potion of magic


   Skills:
 + Level 1.8 Dodging
 + Level 1.8 Stealth
 + Level 2.0 Spellcasting
 + Level 1.0 Conjurations
 + Level 2.7 Fire Magic


You had 3 spell levels left.
You knew the following spells:

 Your Spells              Type           Power      Damage    Failure   Level
a - Foxfire               Conj/Fire      28%        2x1d5     10%         1

Your spell library contained the following spells:

 Spells                   Type           Power      Damage    Failure   Level
 Scorch                   Fire           20%        2d5       11%         2
 Inner Flame              Hex/Fire       6%         N/A       34%         3
 Volatile Blastmotes      Fire/Tloc      12%        2d11      34%         3
 Flame Wave               Conj/Fire      7%         2d5       67%         4


Dungeon Overview and Level Annotations

Branches:
Dungeon (1/15)

Altars:


Message History

Found a brown potion.
Found a stone staircase leading down.
The goblin shouts!
You hear a shout! x2
A goblin comes into view. It is wielding a +0 dagger.
A quokka comes into view.
A kobold comes into view. It is wielding a +0 short sword. x2
A goblin comes into view. It is wielding a +0 club.
You closely miss the goblin.
The kobold shouts!
The kobold throws a stone.
The stone closely misses you. The goblin closely misses you.
The goblin barely misses you.
The goblin shouts!
You conjure some foxfire!
The goblin hits you but does no damage. The quokka bites you.
Your foxfire dissipates!
The quokka attacks as you move away! The quokka barely misses you.
The foxfire hits the quokka.
The quokka is heavily wounded.
You barely miss the goblin. The goblin closely misses you.
The goblin barely misses you.
You hit the goblin.
You kill the goblin!
An endoplasm comes into view.
The quokka bites you but does no damage.
You closely miss the quokka.
The quokka is heavily wounded.
The quokka bites you. The quokka closely misses you. The quokka bites you.
You closely miss the quokka.
The quokka is heavily wounded.
The quokka bites you. x2
* * * LOW HITPOINT WARNING * * *
You thump the quokka!
You kill the quokka!
The kobold hits you but does no damage.
You closely miss the kobold. The kobold closely misses you.
The kobold hits you with a +0 short sword.
* * * LOW HITPOINT WARNING * * *
You closely miss the kobold. The kobold closely misses you. x2
You barely miss the kobold.
The kobold hits you with a +0 short sword.
You die...

... ##.## ##...
.# #.#.#
#...###P... .>.
.. ...
##....##P..P #.#
#.
#.####..#........
!....
#......##........
#.#.
###.######...P..~
... ##.# #.....~.
.#.#.#.####..#
##...^..
......KgK@..##
#..##P.
.#.#.#.######
##.##P~ #. #.# #~
.. ..# # ... ...#
.... .....


You could see a goblin and 2 kobolds.

Vanquished Creatures
  A goblin (D:1)
  A quokka (D:1)
2 creatures vanquished.

Vanquished Creatures (others)
  A foxfire (D:1)
1 creature vanquished.

Grand Total: 3 creatures vanquished

Notes
Turn   | Place    | Note
-------+----------+-------------------------------------------
     0 | D:1      | javelincjr the Demonspawn Fire Elementalist began the quest
                  | for the Orb.
     0 | D:1      | Reached XP level 1. HP: 13/13 MP: 3/3
    57 | D:1      | Slain by a kobold

Illustrated notes

Levels and vault maps discovered:
D:1:      lemuel_arrival_muddy, layout_rooms, st_stairs_10

Action                     || total
---------------------------++-------
  Melee: Mace              ||     9
   Cast: Foxfire           ||     1
 Armour: Robe              ||     3
  Dodge: Dodged            ||    10
